Map: 블루시프트 - 래더

Players

Zest - Winner!

  • Race: Protoss Protoss
  • League: Master
  • Spawn Location: 7:00

True

  • Race: Zerg Zerg
  • League: Grandmaster
  • Spawn Location: 1:00

Event: IEM Season 13 - Katowice Server Qualifiers America

VOD

Have the link to the VOD?

Description

Time

  • Played on: Jan. 6, 2019, 4:28 p.m.
  • Length: 13:26

All games in this series

Show
View Real Time Build Order
Export as new Build Order

Zest Protoss - Winner!

Build Orders: Oracle Opening, Archon Immortal 

Get SALT Encoding   

  12  0:00  Probe  
  13  0:12  Probe  
  14  0:18  Pylon  
  14  0:25  Probe  
  15  0:33  Probe  
  15  0:38  Gateway  
  15  0:41  Probe  
  16  0:47  Assimilator  
  17  0:51  Probe  
  18  1:03  Probe  
  19  1:15  Probe  
  20  1:23  Gateway  
  20  1:25  Cybernetics Core  
  20  1:28  Probe  
  20  1:30  Pylon  
  21  1:40  Probe  
  22  1:52  Probe  
  23  1:56  Adept  
  23  2:01  Adept  
  25  2:13  Probe  
  28  2:19  Pylon  
  28  2:25  Probe, Stalker  
  31  2:58  Probe  
  30  3:05  Nexus  
  30  3:10  Stargate  
  30  3:11  Probe  
  31  3:18  Assimilator  
  31  3:21  Warp Gate  
  31  3:23  Probe  
  32  3:35  Probe  
  33  3:47  Probe  
  34  3:49  Oracle  
  34  3:58  Assimilator  
  34  3:59  Probe  
  34  4:01  Assimilator  
  38  4:11  Probe  
  38  4:12  Pylon  
  38  4:14  Probe  
  39  4:17  Oracle  
  39  4:22  Probe  
  39  4:23  Probe  
  45  4:31  Probe  
  45  4:35  Probe  
  47  4:42  Robotics Facility  
  47  4:43  Probe  
  48  4:47  Probe  
  48  4:52  Twilight Council  
  49  4:55  Probe  
  49  4:57  Gateway x2  
  51  5:00  Probe, Pylon  
  51  5:06  Pylon  
  51  5:07  Probe  
  51  5:12  Probe  
  53  5:19  Forge  
  53  5:22  Immortal  
  57  5:36  Probe x2  
  57  5:42  Gateway x2  
  59  5:44  Templar Archives  
  59  5:45  Sentry x2  
  59  5:49  Immortal  
  63  5:52  Sentry, Pylon  
  65  6:01  Protoss Ground Weapons Level 1  
  69  6:12  Pylon  
  69  6:17  Probe x2  
  71  6:19  Immortal  
  71  6:23  Pylon  
  75  6:43  Photon Cannon  
  75  6:45  Shield Battery  
  75  6:53  Warp Prism  
  75  6:54  Nexus  
  75  6:56  Pylon  
  77  7:02  Probe x2  
  77  7:04  Photon Cannon  
  79  7:12  High Templar x4  
  79  7:13  Zealot x2  
  91  7:18  Pylon  
  91  7:19  Archon  
  91  7:20  Archon  
  91  7:23  Immortal, Forge  
  95  7:41  Gateway  
  95  7:42  Gateway  
  95  7:46  Pylon  
  95  7:50  High Templar  
  97  7:51  Charge, High Templar, Zealot x2  
  97  7:53  Shield Battery  
  103  8:13  Probe x2  
  103  8:16  Immortal  
  105  8:25  Archon  
  109  8:34  Probe x2, Protoss Ground Weapons Level 2  
  111  8:35  Protoss Ground Armor Level 1  
  111  8:36  Probe  
  111  8:38  Pylon  
  111  8:40  Assimilator  
  112  8:44  Assimilator  
  112  8:52  Photon Cannon, Shield Battery  
  112  8:55  Observer  
  112  8:56  Shield Battery  
  111  9:12  Immortal  
  111  9:17  Shield Battery  
  111  9:18  Shield Battery  
  111  9:20  Shield Battery  
  115  9:27  Robotics Facility  
  115  9:31  High Templar  
  115  9:32  High Templar, Zealot x6  
  115  9:33  Probe x2  
  115  9:35  Observer  
  115  9:36  Blink  
  129  9:59  Archon  
  129  10:01  Sentry x2  
  129  10:02  Stalker x4  
  129  10:06  Stalker x2  
  145  10:11  Pylon  
  145  10:12  Observer, Pylon  
  138  10:37  Stalker  
  138  10:38  Stalker x7  
  154  10:50  Probe x2  
  154  10:51  Probe  
  154  10:52  Pylon  
  154  10:54  Dark Shrine  
  146  11:18  Stalker x2  
  146  11:19  Stalker x6  
  154  11:43  Sentry x4, Zealot  
  154  11:44  Zealot x3  
  168  11:54  Observer  
  164  12:11  Stalker x3  
  164  12:12  Stalker x3  
  172  12:28  Zealot  
  144  12:48  Stalker  
  144  12:49  Stalker x7  
  152  12:58  Nexus  
Show
View Real Time Build Order
Export as new Build Order

True Zerg 

Build Orders: 3 Hatch before Pool, Swarm Host 

Get SALT Encoding   

  12  0:00  Drone  
  13  0:12  Overlord  
  13  0:17  Drone  
  14  0:30  Drone  
  15  0:46  Hatchery  
  15  0:48  Drone  
  15  0:54  Drone  
  16  1:17  Hatchery  
  15  1:20  Drone  
  16  1:36  Spawning Pool  
  16  1:38  Drone  
  16  1:43  Drone  
  17  1:47  Drone  
  17  1:50  Drone  
  19  1:58  Extractor  
  18  2:02  Drone  
  18  2:05  Evolution Chamber  
  19  2:23  Queen  
  19  2:24  Queen  
  19  2:25  Zergling x10  
  29  2:48  Overlord  
  27  3:01  Drone  
  27  3:05  Overlord  
  27  3:06  Drone x2  
  27  3:07  Drone x2  
  31  3:13  Overlord  
  30  3:22  Overlord  
  30  3:23  Queen  
  30  3:24  Drone  
  33  3:27  Lair  
  33  3:28  Drone  
  33  3:34  Drone  
  35  3:38  Overlord  
  35  3:45  Drone  
  36  3:50  Drone  
  36  3:55  Drone  
  38  3:58  Extractor  
  38  3:59  Queen, Drone  
  40  4:05  Spore Crawler  
  40  4:06  Drone x5  
  40  4:07  Drone  
  40  4:08  Drone  
  46  4:11  Drone  
  47  4:20  Roach Warren  
  47  4:21  Drone  
  47  4:23  Drone  
  48  4:29  Drone  
  49  4:34  Extractor  
  49  4:35  Drone x3  
  51  4:38  Overlord  
  51  4:40  Overlord  
  51  4:43  Overlord  
  51  4:59  Glial Reconstitution  
  51  5:01  Roach x5  
  61  5:07  Roach  
  61  5:08  Roach x3  
  61  5:11  Roach  
  61  5:13  Overlord  
  71  5:16  Drone  
  70  5:33  Drone x4  
  71  5:38  Drone  
  71  5:40  Hatchery  
  71  5:41  Drone  
  71  5:42  Drone  
  73  5:44  Infestation Pit  
  73  5:46  Drone  
  73  5:48  Drone  
  74  5:53  Queen  
  76  5:58  Drone  
  76  6:00  Extractor  
  76  6:05  Overlord  
  76  6:12  Queen, Evolution Chamber  
  77  6:24  Drone  
  77  6:25  Spore Crawler  
  77  6:28  Overlord  
  76  6:34  Spore Crawler  
  76  6:37  Drone x3  
  78  6:44  Zerg Missile Weapons Level 1  
  77  6:47  Burrow  
  77  6:48  Tunneling Claws  
  77  6:58  Drone x6  
  77  6:59  Drone x2  
  77  7:01  Queen  
  87  7:15  Drone x2  
  89  7:19  Extractor  
  88  7:25  Swarm Host x5  
  88  7:27  Extractor  
  88  7:28  Swarm Host x2  
  105  7:33  Overlord  
  105  7:34  Overlord  
  105  7:36  Overlord  
  105  7:37  Overlord  
  105  7:41  Overlord  
  105  7:55  Drone x2  
  107  7:59  Swarm Host  
  107  8:00  Swarm Host x7  
  107  8:03  Swarm Host  
  130  8:10  Swarm Host  
  128  8:17  Roach  
  128  8:18  Roach x2  
  133  8:25  Roach  
  133  8:26  Roach  
  135  8:29  Roach x2  
  135  8:32  Roach  
  141  8:35  Roach  
  143  8:44  Overlord  
  143  8:46  Overlord  
  143  8:48  Zerg Missile Weapons Level 2  
  143  8:52  Overlord  
  143  8:55  Overlord  
  143  8:57  Infestor  
  145  9:04  Swarm Host x2  
  151  9:14  Swarm Host  
  151  9:15  Swarm Host  
  158  9:17  Drone x4  
  161  9:28  Overseer  
  161  9:29  Swarm Host x2  
  167  9:31  Queen  
  167  9:34  Roach  
  167  9:36  Roach  
  170  9:41  Roach  
  170  9:42  Roach  
  170  9:44  Roach  
  174  9:47  Roach  
  176  10:01  Overlord x2  
  176  10:06  Overseer  
  176  10:09  Overlord  
  176  10:12  Overlord  
  176  10:16  Queen  
  176  10:20  Roach x5  
  184  10:26  Roach  
  184  10:30  Roach  
  184  10:32  Roach  
  185  10:37  Drone x2  
  185  10:41  Swarm Host  
  190  10:46  Swarm Host  
  193  10:51  Ravager x2  
  193  10:52  Ravager  
  196  11:10  Ravager x2  
  198  11:11  Ravager  
  199  11:28  Zerg Ground Armor Level 1  
  193  11:40  Overlord x2  
  193  11:54  Roach x2  
  193  11:58  Roach x3  
  193  12:01  Roach x2  
  185  12:02  Roach x2  
  185  12:03  Roach  
  185  12:04  Roach x3  
  192  12:25  Roach x2, Hatchery  
  192  12:26  Roach  
  180  12:30  Roach  
  180  12:31  Roach  
  180  12:34  Roach  
  180  12:36  Roach  
  169  12:38  Roach  
  152  12:47  Roach  
  152  12:48  Roach  
  156  13:01  Roach  
  156  13:02  Roach  

Tags
 
Add a new tag
Caveats
  • Supply blocks, unpowered buildings, or Contaminate may cause inaccurate times.
  • Supply counts are checked every 10 seconds.